[Event "Titled Tuesday Blitz April 11 Early 2023"]
[White "Ljukin, Sergei"]
[Black "Kabilov, Amin"]
[WhiteFideId "14102200"]
[BlackFideId "14700859"]
[WhiteElo "2312"]
[BlackElo "2110"]
[Result "1-0"]
[Round "08"]
[TimeControl "180+2"]
[Date "2023.04.11"]
[WhiteClock "0:00:18"]
[BlackClock "0:00:03"]

1. e4 c5 2. Nf3 d6 3. d4 cxd4 4. Nxd4 Nf6 5. Nc3 a6 6. Bg5 e6 7. f4 Be7 8. Qf3 O-O 9. O-O-O Qc7 10. g4 b5 11. a3 Bb7 12. Bh4 Nxe4 13. Nxe4 Bxh4 14. g5 Nd7 15. Bd3 Nc5 16. Kb1 f5 17. gxf6 Bxf6 18. Nxf6+ Rxf6 19. Qh5 g6 20. Qh4 Raf8 21. Rhf1 Nxd3 22. Rxd3 e5 23. Ne2 Be4 24. Rc3 Qf7 25. Re1 exf4 26. Nd4 d5 27. Nf3 Qg7 28. Ng5 Re8 29. Nxh7 Rf5 30. Ng5 f3 31. Nxf3 Qf6 32. Qxf6 Rxf6 33. Ree3 Ref8 34. Nd4 Rf1+ 35. Ka2 R1f2 36. Rc6 Rxh2 37. Rxa6 Bxc2 38. Nxc2 Rxc2 39. Rxg6+ Kh7 40. Rg5 Rh2 41. Rxd5 Rff2 42. Rxb5 Kh6 43. Re6+ Kg7 44. Rb7+ Kf8 45. Ra6 Re2 46. Ra8+ Re8 47. Rxe8+ Kxe8 48. Rc7 Kd8 49. Rc1 Kd7 50. a4 Kd6 51. Ka3 Rh3+ 52. b3 Rh5 53. Kb4 Rh4+ 54. Rc4 Rh5 55. a5 Kd7 56. Ka4 Kd8 57. b4 Rh1 58. a6 Ra1+ 59. Kb5 Ra2 60. Kb6 Ra3 61. Kb7 Kd7 62. a7 1-0


[Site "https://www.chess.com"]

[Event "Titled Tuesday Blitz April 11 Early 2023"]
[White "Marcziter, Dmitrii"]
[Black "Krsnik Cohar, Ivan Vihor"]
[WhiteFideId "13900765"]
[BlackFideId "14520044"]
[WhiteElo "2162"]
[BlackElo "2414"]
[Result "0-1"]
[Round "08"]
[TimeControl "180+2"]
[Date "2023.04.11"]
[WhiteClock "0:00:06"]
[BlackClock "0:01:08"]

1. d4 d5 2. c4 Bf5 3. Nc3 e6 4. Qb3 Nc6 5. Nf3 Nb4 6. e4 dxe4 7. a3 Nc6 8. d5 exf3 9. dxc6 bxc6 10. gxf3 Bc5 11. Qa4 Ne7 12. Bg5 f6 13. Be3 Bxe3 14. fxe3 Qd6 15. Rd1 Qe5 16. Kf2 O-O 17. f4 Qc5 18. b4 Qb6 19. c5 Qb8 20. Rd7 Re8 21. e4 Bg6 22. Bc4 Bf7 23. Rhd1 a5 24. b5 cxb5 25. Nxb5 c6 26. Nc7 Ng6 27. f5 Nf8 28. Nxa8 Qxh2+ 29. Ke1 Qg1+ 30. Bf1 Nxd7 31. Rxd7 exf5 32. Kd2 Qxf1 33. Qxc6 Qf2+ 34. Kc3 Qe3+ 35. Kb2 Qxe4 36. Qxe4 fxe4 37. Nb6 e3 38. Rd1 e2 39. Re1 f5 40. c6 Rb8 0-1


[Site "https://www.chess.com"]

[Event "Titled Tuesday Blitz April 11 Early 2023"]
[White "Rottenwohrer Suarez, Juan"]
[Black "Gurevich, Dmitry"]
[WhiteFideId "32068182"]
[BlackFideId "2000407"]
[WhiteElo "2174"]
[BlackElo "2506"]
[Result "1-0"]
[Round "08"]
[TimeControl "180+2"]
[Date "2023.04.11"]
[WhiteClock "0:00:03"]
[BlackClock "0:00:38"]

1. d4 Nf6 2. c4 a6 3. Nc3 c5 4. Nf3 cxd4 5. Nxd4 d5 6. cxd5 Nxd5 7. Bd2 Nxc3 8. Bxc3 e5 9. Nf3 Qxd1+ 10. Rxd1 f6 11. e3 Be6 12. a3 Be7 13. Nd2 Kf7 14. Bc4 Rc8 15. Bxe6+ Kxe6 16. Nb3 Nc6 17. Ke2 b5 18. g4 a5 19. f4 b4 20. axb4 axb4 21. f5+ Kf7 22. Be1 Ra2 23. Rd2 Na5 24. Nxa5 Rxa5 25. Rd7 Ke8 26. Rxe7+ Kxe7 27. Bxb4+ Kf7 28. Bxa5 Rc2+ 29. Bd2 Rxb2 30. Rc1 h5 31. gxh5 Kg8 32. e4 Rb3 33. Rc8+ Kh7 34. Rc7 Rh3 35. h6 Rxh2+ 36. Kd3 Rh3+ 37. Be3 Kh8 38. hxg7+ Kg8 39. Ke2 Rh2+ 40. Kf1 Rh4 41. Bc5 Rxe4 42. Bf8 Rf4+ 43. Ke2 Rxf5 44. Ke3 Rf4 45. Rc2 Rh4 46. Rg2 Rf4 47. Rh2 Rg4 48. Rh8+ Kf7 49. Kf3 f5 50. Rh5 e4+ 51. Ke3 Rg3+ 52. Ke2 Rf3 53. Rg5 Kg8 54. Rg6 f4 55. Rg4 Re3+ 56. Kf2 Rf3+ 57. Kg2 Ra3 58. Rxf4 Ra2+ 59. Kg3 Re2 60. Kg4 Rg2+ 61. Kh3 Re2 62. Rh4 Re3+ 63. Kg2 Re2+ 64. Kg3 Re3+ 65. Kg4 1-0


[Site "https://www.chess.com"]

[Event "Titled Tuesday Blitz April 11 Early 2023"]
[White "Gheorghiu, Calin"]
[Black "Borrmann, Laurenz"]
[WhiteFideId "1200305"]
[BlackFideId "312187930"]
[WhiteElo "2223"]
[BlackElo "2312"]
[Result "0-1"]
[Round "08"]
[TimeControl "180+2"]
[Date "2023.04.11"]
[WhiteClock "0:00:02"]
[BlackClock "0:00:19"]

1. e4 c5 2. Nf3 e6 3. d4 cxd4 4. Nxd4 a6 5. Nc3 Qc7 6. Bd3 Nc6 7. Nxc6 bxc6 8. O-O d5 9. Qe2 Nf6 10. Bg5 Be7 11. Rfe1 O-O 12. e5 Ne8 13. Qh5 g6 14. Qh6 Qd8 15. Bxe7 Qxe7 16. Re3 f5 17. exf6 Nxf6 18. Rg3 Qg7 19. Qe3 Nh5 20. Rg5 d4 21. Qe4 dxc3 22. bxc3 Nf4 23. Bc4 Qf6 24. Rg3 Qf5 25. Qxc6 Rb8 26. Re1 Bb7 27. Bxe6+ Nxe6 28. Qxe6+ Qxe6 29. Rxe6 Bd5 30. Re1 Bxa2 31. Rd3 Rbd8 32. f3 Bc4 33. Rde3 Rd2 34. Ra1 Rfd8 35. Re4 Rc8 36. Re7 Rxc2 37. Rd1 Bb5 38. Rd6 R2xc3 39. Ra7 R3c7 40. Rxc7 Rxc7 0-1


[Site "https://www.chess.com"]

[Event "Titled Tuesday Blitz April 11 Early 2023"]
[White "Sai Han Thiha"]
[Black "Inepton_Fermion"]
[WhiteFideId "13012290"]
[WhiteElo "1954"]
[BlackElo "2391"]
[Result "1-0"]
[Round "08"]
[TimeControl "180+2"]
[Date "2023.04.11"]
[WhiteClock "0:01:15"]
[BlackClock "0:01:25"]

1. d4 g6 2. e4 Bg7 3. c4 d6 4. Nc3 e5 5. dxe5 dxe5 6. Qxd8+ Kxd8 7. Be3 c6 8. Nf3 f6 9. Nd2 Bh6 10. Ke2 Kc7 11. Rd1 Be6 12. f3 Bxe3 13. Kxe3 a5 14. c5 Na6 15. Na4 Nh6 16. Bc4 Bxc4 17. Nxc4 Nf7 18. a3 Rad8 19. Nxa5 Nxc5 20. Nxc5 1-0


[Site "https://www.chess.com"]

[Event "Titled Tuesday Blitz April 11 Early 2023"]
[White "Novikov, Evgenij"]
[Black "Pniaczek, Marek"]
[WhiteFideId "4125380"]
[BlackFideId "21800421"]
[WhiteElo "2242"]
[BlackElo "2138"]
[Result "0-1"]
[Round "08"]
[TimeControl "180+2"]
[Date "2023.04.11"]
[WhiteClock "0:00:01"]
[BlackClock "0:00:19"]

1. c4 e6 2. Nf3 Nf6 3. g3 d5 4. Bg2 Be7 5. d4 O-O 6. O-O dxc4 7. Qc2 a6 8. Qxc4 b5 9. Qc2 Bb7 10. Rd1 Be4 11. Qd2 c5 12. Nc3 Bb7 13. Qc2 Qc7 14. dxc5 Bxc5 15. Bf4 Qb6 16. e3 Nc6 17. Rac1 Rac8 18. Na4 bxa4 19. Qxc5 Qxc5 20. Rxc5 Nb4 21. Rxc8 Rxc8 22. a3 Nbd5 23. Be5 Nd7 24. Bd4 Rc2 25. Ne1 Rc8 26. Nd3 Ba8 27. Rc1 Rb8 28. Bxd5 Bxd5 29. Nb4 Bb3 30. Rc7 Nf8 31. Nxa6 Rd8 32. Nc5 e5 33. Bxe5 Rd1+ 34. Kg2 Bd5+ 35. Kh3 Bf3 36. g4 h5 37. gxh5 Rg1 38. Bg3 g6 39. hxg6 Nxg6 40. Nd3 Be4 41. Rc5 Bxd3 42. Rg5 f6 43. Rc5 Kf7 44. f3 Be2 0-1


[Site "https://www.chess.com"]

[Event "Titled Tuesday Blitz April 11 Early 2023"]
[White "Mogirzan, Matei-Valeriu"]
[Black "Lehtosaari, Mauri"]
[WhiteFideId "1257455"]
[BlackFideId "501999"]
[WhiteElo "1733"]
[BlackElo "2515"]
[Result "0-1"]
[Round "08"]
[TimeControl "180+2"]
[Date "2023.04.11"]
[WhiteClock "0:00:04"]
[BlackClock "0:00:07"]

1. e4 d5 2. exd5 Qxd5 3. Nc3 Qd8 4. Nf3 Nf6 5. d4 Bg4 6. Bc4 e6 7. h3 Bxf3 8. Qxf3 c6 9. Be3 Nbd7 10. O-O-O Bb4 11. Ne4 Nxe4 12. Qxe4 Nf6 13. Qf3 Qa5 14. c3 Be7 15. g4 Nd5 16. Kb1 Qd8 17. Bb3 a5 18. c4 Nxe3 19. fxe3 a4 20. d5 axb3 21. dxe6 bxa2+ 22. Ka1 O-O 23. Rxd8 Bxd8 24. Rf1 Bf6 25. Qe4 fxe6 26. Qxe6+ Kh8 27. Rd1 Rfe8 28. Qf5 Rxe3 29. g5 Be5 30. Rf1 Bd6 31. g6 h6 32. Qc2 Ree8 33. c5 Be5 34. Re1 Bd4 35. Rd1 Bf6 36. Qb3 Reb8 37. Qf7 Rf8 38. Qe6 Rfe8 39. Qb3 Re2 40. Rc1 Bxb2+ 41. Qxb2 Rxb2 42. Kxb2 a1=Q+ 43. Rxa1 Rxa1 44. Kxa1 Kg8 45. Kb2 Kf8 46. Kc3 Ke7 47. Kd4 Ke6 48. Ke4 Kf6 49. h4 h5 50. Kf4 Kxg6 51. Ke5 Kf7 52. Kd6 g5 53. Kc7 gxh4 54. Kxb7 h3 55. Kxc6 h2 56. Kb7 h1=Q+ 57. c6 Qxc6+ 58. Kxc6 h4 0-1


[Site "https://www.chess.com"]

[Event "Titled Tuesday Blitz April 11 Early 2023"]
[White "Haub, Thorsten Michael"]
[Black "Forgacs, Attila Jr."]
[WhiteFideId "4610776"]
[BlackFideId "773654"]
[WhiteElo "2344"]
[BlackElo "2168"]
[Result "1-0"]
[Round "08"]
[TimeControl "180+2"]
[Date "2023.04.11"]
[WhiteClock "0:01:28"]
[BlackClock "0:00:08"]

1. g3 g6 2. Bg2 Bg7 3. d3 Nf6 4. e4 d6 5. Nf3 O-O 6. O-O e5 7. Nbd2 Nc6 8. c3 Ne8 9. Re1 f5 10. b4 f4 11. b5 Ne7 12. d4 h6 13. dxe5 dxe5 14. Nc4 Qxd1 15. Rxd1 Bg4 16. Rd3 Bxf3 17. Bxf3 Nd6 18. Nxd6 cxd6 19. Ba3 Rad8 20. Rad1 Nc8 21. Bg4 Rf6 22. Bxc8 Rxc8 23. Bxd6 Re6 24. f3 fxg3 25. hxg3 h5 26. Bb4 Bf8 27. Rd8 Re8 28. Rxe8 Rxe8 29. Bxf8 Rxf8 30. Kf2 Rc8 31. Rd3 Rc5 32. Rd8+ Kf7 33. Rd7+ Kf6 34. Rxb7 Rxc3 35. Rxa7 Rc2+ 36. Kg1 Kg5 37. a4 h4 38. gxh4+ Kxh4 39. Kf1 Kg3 40. Ke1 Kxf3 41. Kd1 Ra2 42. b6 Kxe4 43. b7 Rb2 44. a5 Kd3 45. Kc1 Rb5 46. a6 Rc5+ 47. Kb2 Rb5+ 48. Ka3 Kc3 49. Ka4 Rb4+ 50. Ka5 Rb1 51. Ra8 e4 52. b8=Q Rxb8 53. Rxb8 e3 54. Re8 Kd2 55. a7 g5 56. a8=Q e2 57. Qg2 Kd1 58. Qxe2+ Kc1 59. Rf8 Kb1 60. Rf1# 1-0


[Site "https://www.chess.com"]

[Event "Titled Tuesday Blitz April 11 Early 2023"]
[White "Vivas Zamora, Fabian Ernesto"]
[Black "Sreyas Payyappat"]
[WhiteFideId "3902480"]
[BlackFideId "46674969"]
[WhiteElo "2262"]
[BlackElo "2083"]
[Result "1-0"]
[Round "08"]
[TimeControl "180+2"]
[Date "2023.04.11"]
[WhiteClock "0:00:03"]
[BlackClock "0:00:03"]

1. e4 c6 2. Nf3 d5 3. Nc3 dxe4 4. Nxe4 Nf6 5. Qe2 Nxe4 6. Qxe4 Nd7 7. Bc4 Nf6 8. Ne5 e6 9. Qe2 b5 10. Bd3 Qc7 11. a4 b4 12. b3 Bd6 13. Bb2 O-O 14. O-O-O c5 15. Nc4 Nd5 16. Qh5 f5 17. g3 Ba6 18. Rde1 Rae8 19. Bxf5 g6 20. Bxe6+ Rxe6 21. Qxd5 Qf7 22. Rxe6 Bb7 23. Qxd6 Bxh1 24. Re7 Re8 25. Qe5 Qxe7 26. Qh8+ Kf7 27. Qxh7+ Ke6 28. Qxg6+ Kd7 29. Ne5+ Kc7 30. Qa6 1-0


[Site "https://www.chess.com"]

[Event "Titled Tuesday Blitz April 11 Early 2023"]
[White "Valle Maytin, Luis Enrique"]
[Black "Shapiro, Viktor"]
[WhiteFideId "3503666"]
[BlackFideId "4175700"]
[WhiteElo "2225"]
[BlackElo "2152"]
[Result "1-0"]
[Round "08"]
[TimeControl "180+2"]
[Date "2023.04.11"]
[WhiteClock "0:01:51"]
[BlackClock "0:00:03"]

1. d4 Nf6 2. Nf3 e6 3. e3 d5 4. Bd3 Be7 5. c4 O-O 6. cxd5 exd5 7. Nc3 c6 8. O-O Nbd7 9. b3 Bd6 10. Bb2 Re8 11. Qc2 Nf8 12. Rac1 b5 13. a4 a6 14. Ne5 Bb7 15. f4 Rc8 16. g4 b4 17. Ne2 c5 18. dxc5 Bxc5 19. Qd2 Ne4 20. Bxe4 dxe4 21. Nd4 Ne6 22. Rfd1 f6 23. Nc4 1-0


[Site "https://www.chess.com"]

[Event "Titled Tuesday Blitz April 11 Early 2023"]
[White "Rom, Jasper"]
[Black "Ward, Ieuan C"]
[WhiteFideId "2023733"]
[BlackFideId "406627"]
[WhiteElo "2233"]
[BlackElo "2330"]
[Result "1-0"]
[Round "08"]
[TimeControl "180+2"]
[Date "2023.04.11"]
[WhiteClock "0:01:18"]
[BlackClock "0:00:10"]

1. e4 c5 2. Nc3 Nc6 3. f4 g6 4. Nf3 Bg7 5. Bb5 Nd4 6. O-O Nxb5 7. Nxb5 d6 8. d3 e6 9. e5 Bf8 10. d4 d5 11. Be3 a6 12. Nd6+ Bxd6 13. exd6 c4 14. f5 Qxd6 15. fxe6 Bxe6 16. Ne5 Ne7 17. Bf4 Qb6 18. c3 O-O 19. Bh6 Rfe8 20. Qd2 Nf5 21. Bg5 Ng7 22. Rae1 Rf8 23. Bh6 Rfe8 24. g4 Rac8 25. Qf2 Qc7 26. Qf6 1-0


[Site "https://www.chess.com"]

[Event "Titled Tuesday Blitz April 11 Early 2023"]
[White "Dishman, Stephen"]
[Black "Lopez, Henry"]
[WhiteFideId "403024"]
[BlackFideId "5203830"]
[WhiteElo "2204"]
[BlackElo "2177"]
[Result "1/2-1/2"]
[Round "08"]
[TimeControl "180+2"]
[Date "2023.04.11"]
[WhiteClock "0:00:18"]
[BlackClock "0:00:10"]

1. d4 d5 2. c4 c6 3. Nf3 Nf6 4. Nbd2 Bf5 5. Nh4 Be6 6. e3 g6 7. Be2 Bg7 8. O-O O-O 9. Nhf3 a5 10. b3 h6 11. Bb2 Nbd7 12. a4 Ne4 13. Nxe4 dxe4 14. Nd2 f5 15. Qc2 Bf7 16. f3 exf3 17. Nxf3 Qc7 18. e4 fxe4 19. Qxe4 c5 20. Rad1 cxd4 21. Bxd4 e5 22. Be3 Nc5 23. Qc2 b6 24. Nh4 e4 25. g3 Rad8 26. Ng2 g5 27. Rxd8 Rxd8 28. Rd1 Re8 29. Bd4 Bxd4+ 30. Rxd4 e3 31. Qf5 Kg7 32. h4 Qxg3 33. hxg5 Qf2+ 34. Qxf2 exf2+ 35. Kxf2 hxg5 36. Bd1 Re6 37. Ne3 Re4 38. Rd6 Re6 39. Rd4 Re4 40. Rd6 Re6 41. Rd4 1/2-1/2


[Site "https://www.chess.com"]

[Event "Titled Tuesday Blitz April 11 Early 2023"]
[White "Reprintsev, Alexander"]
[Black "Rose, Felix"]
[WhiteFideId "14100541"]
[BlackFideId "5105722"]
[WhiteElo "2211"]
[BlackElo "2039"]
[Result "1-0"]
[Round "08"]
[TimeControl "180+2"]
[Date "2023.04.11"]
[WhiteClock "0:01:08"]
[BlackClock "0:00:03"]

1. e4 e5 2. Nf3 Nc6 3. Bc4 Nf6 4. Ng5 d5 5. exd5 Na5 6. Bb5+ c6 7. dxc6 bxc6 8. Bd3 Nd5 9. h4 h6 10. Qh5 Qc7 11. Nxf7 Nf6 12. Qxe5+ Qxe5+ 13. Nxe5 Bd6 14. Bg6+ Ke7 15. d4 Rb8 16. Nc3 Be6 17. O-O Rb4 18. Re1 Rxd4 19. Nf7 Rb8 20. Nxd6 Kxd6 21. Be3 Rxh4 22. Rad1+ Nd5 23. Nxd5 Bxd5 24. b3 Rg4 25. Bh5 Rxg2+ 26. Kf1 Rh2 27. c4 Rxh5 28. Bf4+ Kd7 29. Bxb8 Rh1+ 30. Ke2 1-0


[Site "https://www.chess.com"]

[Event "Titled Tuesday Blitz April 11 Early 2023"]
[White "La Villa Rivas, Marlon Javier"]
[Black "Santos Flores, Alberto"]
[WhiteFideId "3519546"]
[BlackFideId "3601234"]
[WhiteElo "2135"]
[BlackElo "2235"]
[Result "0-1"]
[Round "08"]
[TimeControl "180+2"]
[Date "2023.04.11"]
[WhiteClock "0:01:16"]
[BlackClock "0:01:24"]

1. e4 c5 2. Nf3 Nc6 3. Bb5 g6 4. Bxc6 dxc6 5. O-O Bg7 6. d3 Nf6 7. Nc3 O-O 8. Be3 b6 9. Qd2 Qc7 10. h3 e5 11. Bh6 Be6 12. Bxg7 Kxg7 13. Ng5 Qe7 14. f4 exf4 15. Qxf4 h6 16. Nxe6+ Qxe6 17. Rf3 Nd7 18. Raf1 Ne5 19. Rg3 Rad8 20. Ne2 Nd7 21. Qc7 Qe5 22. Qxe5+ Nxe5 23. Nf4 c4 24. h4 cxd3 25. cxd3 Rd6 26. Rd1 Rfd8 27. Kf2 Kh7 28. Ke2 h5 29. Nh3 c5 30. Ng5+ Kg7 31. Nh3 c4 32. Nf2 cxd3+ 33. Nxd3 Rd4 34. Rh3 Rxe4+ 35. Kf2 Red4 36. Ke2 Rxd3 37. Rhxd3 Rxd3 38. Rxd3 Nxd3 39. Kxd3 Kf6 40. Ke4 Ke6 41. Kf4 f6 42. g3 a6 43. Ke4 g5 44. b3 gxh4 45. gxh4 f5+ 46. Kf4 Kf6 47. a3 a5 48. a4 Ke6 49. Kg5 Ke5 50. Kxh5 f4 51. Kg4 f3 52. h5 f2 53. h6 f1=Q 54. h7 Qf8 0-1


[Site "https://www.chess.com"]

[Event "Titled Tuesday Blitz April 11 Early 2023"]
[White "a-z30"]
[Black "Erzhanov, Arman"]
[BlackFideId "4138821"]
[WhiteElo "2325"]
[BlackElo "2138"]
[Result "0-1"]
[Round "08"]
[TimeControl "180+2"]
[Date "2023.04.11"]
[WhiteClock "0:00:01"]
[BlackClock "0:01:33"]

1. d3 d6 2. Nf3 e5 3. g3 Nf6 4. Bg2 Be7 5. O-O O-O 6. c4 Nbd7 7. Nc3 c6 8. Qc2 Re8 9. d4 Bf8 10. e4 Qc7 11. h3 g6 12. Be3 Bg7 13. Rfe1 a5 14. Rad1 b6 15. b3 Bb7 16. d5 cxd5 17. Nb5 Qb8 18. exd5 Ba6 19. a4 Bxb5 20. axb5 Nc5 21. Bxc5 bxc5 22. Nd2 Nd7 23. Ra1 f5 24. h4 e4 25. Rad1 Ne5 26. Nf1 Nd3 27. Re3 Bd4 28. Re2 a4 29. bxa4 Qa7 30. h5 Kf7 31. hxg6+ hxg6 32. Rxd3 exd3 33. Qxd3 Qxa4 34. Qd2 Qxc4 35. Ne3 Qxb5 36. Nxf5 Ra1+ 37. Kh2 Qxe2 38. Nxd6+ Kg8 39. Qg5 Qh5+ 40. Qxh5 gxh5 41. Nxe8 Bxf2 42. d6 Rd1 0-1


[Site "https://www.chess.com"]

[Event "Titled Tuesday Blitz April 11 Early 2023"]
[White "Akylbek2021"]
[Black "Mouhamad, Joachim"]
[BlackFideId "656410"]
[WhiteElo "2322"]
[BlackElo "2125"]
[Result "1-0"]
[Round "08"]
[TimeControl "180+2"]
[Date "2023.04.11"]
[WhiteClock "0:00:41"]
[BlackClock "0:00:03"]

1. e4 c5 2. Nf3 Nc6 3. Nc3 d6 4. g3 g6 5. d4 cxd4 6. Nxd4 Bg7 7. Nde2 h5 8. h3 h4 9. g4 Nf6 10. Bg2 a6 11. O-O e5 12. Be3 b5 13. f4 Bxg4 14. hxg4 Nxg4 15. Qd2 h3 16. Bf3 Nxe3 17. Qxe3 exf4 18. Qxf4 Be5 19. Qe3 Qh4 20. Nd5 O-O-O 21. Qb6 Qg3+ 22. Nxg3 Bd4+ 23. Qxd4 Nxd4 24. Bg4+ Kb7 25. Rxf7+ Ka8 26. Nc7+ Kb8 27. Nxa6+ Ka8 28. Rd1 Nc6 29. Nc7+ Kb8 30. Na6+ Ka8 31. Be6 d5 32. Bxd5 Rxd5 33. Rxd5 1-0


[Site "https://www.chess.com"]

[Event "Titled Tuesday Blitz April 11 Early 2023"]
[White "MunichMouse"]
[Black "Chernomordik, Pavel"]
[BlackFideId "2804530"]
[WhiteElo "2316"]
[BlackElo "2193"]
[Result "0-1"]
[Round "08"]
[TimeControl "180+2"]
[Date "2023.04.11"]
[WhiteClock "0:00:01"]
[BlackClock "0:00:09"]

1. d4 g6 2. c4 Bg7 3. g3 d6 4. Bg2 Nf6 5. e4 O-O 6. Ne2 c6 7. O-O a6 8. a4 a5 9. Nbc3 Na6 10. h3 Nb4 11. Be3 Nd7 12. Qd2 e5 13. Rac1 Qe7 14. Rfd1 b6 15. b3 c5 16. dxe5 dxe5 17. Bg5 f6 18. Nd5 Qf7 19. Bh6 Nc6 20. Bxg7 Kxg7 21. f4 Nd4 22. Nxd4 exd4 23. e5 Bb7 24. e6 Qxe6 25. Nc7 Qd6 26. Nxa8 Bxa8 27. Re1 f5 28. Bxa8 Rxa8 29. Qg2 Rf8 30. Rc2 Nf6 31. Re5 Ne4 32. Rd5 Qf6 33. Re2 Rd8 34. Rxe4 fxe4 35. Qxe4 Rxd5 36. cxd5 Kf7 37. Kf2 Qe7 38. Qe5 Qd7 39. Ke2 b5 40. axb5 Qxb5+ 41. Kf2 Qd7 42. Kf3 Qxh3 43. d6 Qe6 44. Ke4 d3 0-1


[Site "https://www.chess.com"]

[Event "Titled Tuesday Blitz April 11 Early 2023"]
[White "Orujov2008"]
[Black "Yosha_Iglesias"]
[WhiteElo "2314"]
[BlackElo "2460"]
[Result "1-0"]
[Round "08"]
[TimeControl "180+2"]
[Date "2023.04.11"]
[WhiteClock "0:02:24"]
[BlackClock "0:02:13"]

1. e4 c5 2. Nf3 d6 3. d4 cxd4 4. Nxd4 Nf6 5. Nc3 g6 6. Be3 Nc6 7. f3 h5 8. Be2 Bg7 9. O-O O-O 10. Qd2 Nxd4 11. Bxd4 Be6 12. Rad1 Qa5 13. Nd5 Bxd5 14. Qxa5 1-0


[Site "https://www.chess.com"]

[Event "Titled Tuesday Blitz April 11 Early 2023"]
[White "Palacio,Igor Da Paz"]
[Black "Manukian, Artak"]
[WhiteFideId "2121140"]
[BlackFideId "13301373"]
[WhiteElo "2126"]
[BlackElo "2130"]
[Result "1/2-1/2"]
[Round "08"]
[TimeControl "180+2"]
[Date "2023.04.11"]
[WhiteClock "0:00:08"]
[BlackClock "0:00:34"]

1. e4 c6 2. Nc3 d5 3. d4 dxe4 4. Nxe4 Nf6 5. Nxf6+ exf6 6. c3 Bd6 7. Bd3 Na6 8. Ne2 Nc7 9. O-O O-O 10. Qc2 g6 11. Nf4 Nd5 12. Nxd5 cxd5 13. Re1 Qc7 14. h3 Bd7 15. Bd2 Kg7 16. Re2 Rfe8 17. Rae1 a6 18. Qb3 Rxe2 19. Rxe2 Bc6 20. Qd1 Qd7 21. Qe1 Bb5 22. Qb1 Re8 23. Bxb5 Qxb5 24. Rxe8 Qxe8 25. Qd3 f5 26. b3 Qe4 27. Qxe4 fxe4 28. c4 f5 29. cxd5 f4 30. Kf1 Kf6 31. Ke2 g5 32. f3 e3 33. Ba5 Ke7 34. Kd3 Kd7 35. a4 b5 36. axb5 axb5 37. Bb6 Ke7 38. Bc5 Kd7 39. b4 Ke7 40. Ke2 Kd7 41. Kd1 Ke7 42. Ke2 Kd7 43. Kd1 Kc7 44. Ke2 Kd7 1/2-1/2


[Site "https://www.chess.com"]

[Event "Titled Tuesday Blitz April 11 Early 2023"]
[White "Jimenez Jimenez, Leandro"]
[Black "Ruge, Edison"]
[WhiteFideId "6415253"]
[BlackFideId "4401000"]
[WhiteElo "2263"]
[BlackElo "2175"]
[Result "1-0"]
[Round "08"]
[TimeControl "180+2"]
[Date "2023.04.11"]
[WhiteClock "0:01:07"]
[BlackClock "0:02:06"]

1. d4 d6 2. c4 e5 3. Nf3 exd4 4. Nxd4 Nf6 5. g3 Be7 6. Bg2 c6 7. O-O O-O 8. Nc3 Nbd7 9. a4 Ne5 10. b3 Re8 11. a5 a6 12. Bb2 Ng6 13. h3 h5 14. e3 h4 15. g4 Qc7 16. f4 Nd7 17. Nf5 Bf8 18. Ne4 Nc5 19. Nh6+ gxh6 20. Nf6+ 1-0


[Site "https://www.chess.com"]

[Event "Titled Tuesday Blitz April 11 Early 2023"]
[White "Omariev, Maksim"]
[Black "lolliNOPE"]
[WhiteFideId "4193423"]
[WhiteElo "2451"]
[BlackElo "2172"]
[Result "1-0"]
[Round "08"]
[TimeControl "180+2"]
[Date "2023.04.11"]
[WhiteClock "0:00:07"]
[BlackClock "0:00:02"]

1. g4 d5 2. Bg2 c6 3. h3 e5 4. d4 e4 5. c4 f5 6. Nc3 fxg4 7. hxg4 Bb4 8. Qb3 Bxc3+ 9. bxc3 Qb6 10. cxd5 Qxb3 11. axb3 cxd5 12. g5 Ne7 13. f3 Bf5 14. c4 Nbc6 15. Bb2 Nb4 16. Kd2 e3+ 17. Kc3 Nc2 18. Rc1 dxc4 19. bxc4 Rc8 20. Rxc2 Bxc2 21. Kxc2 Rxc4+ 22. Kd3 Rb4 23. Bc1 Nd5 24. Ke4 Rb1 25. Bxe3 Nxe3 26. Kxe3 a5 27. f4 a4 28. Nh3 Rxh1 29. Bxh1 a3 30. Bd5 Ke7 31. Nf2 Rc8 32. Kd2 b5 33. Nd3 Rb8 34. Nb4 Kd6 35. e4 h6 36. e5+ Ke7 37. gxh6 Rh8 38. hxg7 Rh2+ 39. Ke3 a2 40. Nxa2 1-0


[Site "https://www.chess.com"]

[Event "Titled Tuesday Blitz April 11 Early 2023"]
[White "Sailer, Mike"]
[Black "Mrudul Dehankar"]
[WhiteFideId "2012901"]
[BlackFideId "25096990"]
[WhiteElo "2109"]
[BlackElo "2139"]
[Result "0-1"]
[Round "08"]
[TimeControl "180+2"]
[Date "2023.04.11"]
[WhiteClock "0:00:01"]
[BlackClock "0:00:05"]

1. d4 Nf6 2. Bg5 c5 3. Bxf6 gxf6 4. Nc3 Qb6 5. e3 cxd4 6. exd4 Qxb2 7. Nb5 Qb4+ 8. c3 Qa5 9. Qb3 a6 10. Na3 b5 11. Nf3 Bb7 12. Be2 Nc6 13. O-O Bh6 14. d5 Ne5 15. Nxe5 fxe5 16. c4 O-O 17. cxb5 axb5 18. Nxb5 Bg7 19. a4 Ba6 20. Rfe1 d6 21. Nc3 Rac8 22. Bxa6 Rxc3 23. Qb5 Qc7 24. a5 Rb8 25. Qa4 Rc5 26. Bb5 Rcxb5 27. a6 Rb4 28. Qa3 R4b6 29. a7 Ra8 30. Qa5 Qb7 0-1


[Site "https://www.chess.com"]

[Event "Titled Tuesday Blitz April 11 Early 2023"]
[White "Manon-og, Ramon Jr."]
[Black "Mirzoev, Azer"]
[WhiteFideId "5200776"]
[BlackFideId "13400304"]
[WhiteElo "2393"]
[BlackElo "2525"]
[Result "0-1"]
[Round "08"]
[TimeControl "180+2"]
[Date "2023.04.11"]
[WhiteClock "0:00:07"]
[BlackClock "0:00:12"]

1. e4 c5 2. Nf3 e6 3. d4 cxd4 4. Nxd4 a6 5. c4 g6 6. Nc3 Bg7 7. Be3 Ne7 8. Bd3 d5 9. cxd5 exd5 10. O-O O-O 11. Bc2 dxe4 12. Bxe4 Nd7 13. Re1 Nf6 14. Bf3 Ned5 15. Bg5 Nxc3 16. bxc3 h6 17. Bh4 Qc7 18. Qd2 Kh7 19. h3 Re8 20. Rxe8 Nxe8 21. Re1 Nf6 22. Bg3 Qd8 23. Qb2 Ra7 24. Qb3 Kg8 25. Be5 a5 26. Nb5 Ra6 27. a4 Re6 28. Re3 Qe7 29. Bd4 Rxe3 30. fxe3 Be6 31. c4 Ne8 32. Bd5 h5 33. c5 Bxd5 34. Qxd5 Bxd4 35. exd4 Nf6 36. Qf3 Kg7 37. Nd6 b6 38. Nc8 Qe1+ 39. Kh2 bxc5 40. d5 Qe5+ 41. Kg1 Qxd5 42. Nb6 Qd4+ 43. Kh2 c4 44. Nc8 c3 0-1


[Site "https://www.chess.com"]

[Event "Titled Tuesday Blitz April 11 Early 2023"]
[White "Manukyan, Sargis A."]
[Black "Sliwicki, Damian"]
[WhiteFideId "13303970"]
[BlackFideId "1127128"]
[WhiteElo "2187"]
[BlackElo "2030"]
[Result "1-0"]
[Round "08"]
[TimeControl "180+2"]
[Date "2023.04.11"]
[WhiteClock "0:02:59"]
[BlackClock "0:01:39"]

1. d4 Nf6 2. c4 e6 3. Nc3 Bb4 4. a3 Bxc3+ 5. bxc3 O-O 6. e3 b6 7. Bd3 Bb7 8. f3 Nh5 9. Ne2 Qh4+ 10. g3 Qh3 11. Kf2 Nc6 12. Ng1 1-0


[Site "https://www.chess.com"]

[Event "Titled Tuesday Blitz April 11 Early 2023"]
[White "Chylewski, Patryk"]
[Black "Koridze, Lile"]
[WhiteFideId "1186191"]
[BlackFideId "13612514"]
[WhiteElo "2163"]
[BlackElo "2047"]
[Result "0-1"]
[Round "08"]
[TimeControl "180+2"]
[Date "2023.04.11"]
[WhiteClock "0:00:02"]
[BlackClock "0:00:52"]

1. e4 c5 2. Nf3 d6 3. c3 Nf6 4. h3 g6 5. Bd3 Bg7 6. O-O O-O 7. Bc2 a6 8. d4 Qc7 9. Re1 e5 10. dxe5 dxe5 11. Nbd2 Nc6 12. a4 Be6 13. Bb3 Bxb3 14. Qxb3 Rfd8 15. Nc4 Ne8 16. Be3 Ne7 17. Ng5 Nc8 18. Red1 Ned6 19. Rd5 b6 20. Rad1 Nb7 21. Rxd8+ Nxd8 22. a5 b5 23. Nb6 Nxb6 24. axb6 Qxb6 25. Rd7 Qf6 26. Qd5 Rc8 27. Nf3 Ne6 28. h4 h6 29. Qb7 Rf8 30. Qxa6 Nf4 31. Qxb5 Qe6 32. Rc7 Nxg2 33. Kxg2 Qg4+ 34. Kf1 Qxf3 35. Bxc5 Ra8 0-1


[Site "https://www.chess.com"]